 Dungeon Crawl Stone Soup version 0.28-a0-895-g6e5f11bd55 (webtiles) character file.

Game seed: 9503877163337656044

1767 demibob the Cleaver (level 9, -2/65 (70) HPs)
             Began as a Hill Orc Fighter on Nov 22, 2021.
             Was a Follower of Makhleb.
             Slain by a wight (11 damage)
             ... on level 6 of the Dungeon.
             The game lasted 00:09:15 (3961 turns).

demibob the Cleaver (Hill Orc Fighter)              Turns: 3961, Time: 00:09:15

HP:   -2/65 (70)    AC:  9    Str: 28    XL:     9   Next: 7%
MP:   9/9           EV: 10    Int:  8    God:    Makhleb [*.....]
Gold: 282           SH:  0    Dex: 10    Spells: 8/8 levels left

rFire   + . .      SeeInvis .   n - +0 battleaxe
rCold   + . .      Faith    .   (shield currently unavailable)
rNeg    . . .      Spirit   .   p - +1 scale mail {rC+}
rPois   .          Reflect  .   f - +0 helmet
rElec   .          Harm     .   (no cloak)
rCorr   .          Rampage  .   (no gloves)
Will    .....                   (no boots)
Stlth   ..........              g - amulet of regeneration
HPRegen 1.20/turn               F - ring of protection from fire
MPRegen 0.11/turn               S - +6 ring of strength

@: mighty, drained
A: no striking features
a: Renounce Religion


You were on level 6 of the Dungeon.
You worshipped Makhleb.
Makhleb was aware of your devotion.
You visited 2 branches of the dungeon, and saw 7 of its levels.

You collected 282 gold pieces.


   Skills:
 - Level 3.6 Fighting
 + Level 14.5 Axes
 - Level 3.2 Armour
 - Level 4.0 Shields


You had 8 spell levels left.
You didn't know any spells.
Your spell library contained the following spells:

 Spells                   Type           Power      Damage    Failure   Level
 Slow                     Hex            0%         N/A       67%         1
 Confusing Touch          Hex            0%         N/A       95%         3
 Gell's Gravitas          Tloc           0%         N/A       95%         3
 Summon Guardian Golem    Hex/Summ       0%         N/A       95%         3
 Teleport Other           Tloc           0%         N/A       95%         3
 Animate Dead             Necr           0%         N/A       100%        4
 Borgnjor's Vile Clutch   Necr/Erth      0%         N/A       100%        5
 Yara's Violent Unravell  Hex/Tmut       0%         3d3       100%        5
 Death Channel            Necr           0%         N/A       100%        6
 Dispersal                Tloc           0%         N/A       100%        6
 Orb of Destruction       Conj           0%         N/A       100%        7
 Spellforged Servitor     Conj/Summ      0%         N/A       100%        7

Inventory:

Hand Weapons
 a - a +1 war axe
 n - a +0 battleaxe (weapon)
Missiles
 j - 3 throwing nets (quivered) {=f}
Armour
 f - a +0 helmet (worn)
 p - a +1 scale mail of cold resistance (worn)
Jewellery
 g - an amulet of regeneration (around neck)
 F - a ring of protection from fire (left hand)
 S - a +6 ring of strength (right hand)
Wands
 o - a wand of paralysis (7)
 s - a wand of polymorph (7)
Scrolls
 e - a scroll of fear
 q - a scroll of amnesia
 r - a scroll of enchant weapon
Potions
 b - a potion of magic {unknown}
 c - a potion of haste {unknown}
 h - 2 potions of brilliance
 i - a potion of berserk rage {unknown}
 k - 2 potions of cancellation
 l - a potion of flight {unknown}
 m - a potion of mutation {unknown}

Dungeon Overview and Level Annotations

Branches:
Dungeon (6/15)             Temple (1/1) D:4

Altars:
Ashenzari
Elyvilon
Fedhas
Gozag
Hepliaklqana
Makhleb
Nemelex Xobeh
Ru
Trog
Uskayaw
Vehumet
Yredelemnul
Zin

Shops:
D:4 ?

Annotations:
D:3 1 runed translucent door, Crazy Yiuf

#.
.........##........
##
.........#.........
#
.........#.........
#
.........#.........
#
...................
##
........#..........
#.
#..>...#..........
#.
#........@z......
#.
###...#..)z......
#. ##.)###........
## ##..###.....## #
##..###...## #
###.###### #### #
##..########..#####
##................
##............###


You could see 2 wights.


Message History

A wight is wielding a +3 morningstar of freezing.
There are monsters nearby!
A wight comes into view. It is wielding a +5 scimitar.
The wight hits you with a +3 morningstar of freezing!
You feel drained. The wight freezes you.
You slice the wight!!
You destroy the wight!
Makhleb accepts your kill.
You barely miss the wight.
The wight hits you with a +3 morningstar of freezing!
* * * LOW HITPOINT WARNING * * *
You feel drained.
* * * LOW HITPOINT WARNING * * *
The wight freezes you.
* * * LOW HITPOINT WARNING * * *
You are too injured to fight recklessly!
Unknown command.
You feel very mighty all of a sudden.
The wight hits you with a +3 morningstar of freezing!
* * * LOW HITPOINT WARNING * * *
The wight freezes you.
* * * LOW HITPOINT WARNING * * *
The wight hits you with a +5 scimitar!
* * * LOW HITPOINT WARNING * * *
You can't see any enemies this would affect, really read the scroll of fear?
Okay, then.
Unknown command.
You closely miss the wight. You barely miss the wight.
The wight hits you with a +3 morningstar of freezing!
You die...

Skill      XL: |  1  2  3  4  5  6  7  8 |
---------------+-------------------------+-----
Axes           | 3 5 6 7 10 11 14 | 14.5
Shields        | 4 |  4.0
Fighting       | |  3.6
Armour         | |  3.2

Action                   |  1- 3 |  4- 6 |  7- 9 || total
-------------------------+-------+-------+-------++-------
Melee: War axe           |    63 |   171 |       ||   234
       Battleaxe         |       |     6 |   127 ||   133
Evoke: Wand              |       |     5 |     3 ||     8
  Use: Potion            |     2 |     1 |     2 ||     5
       Scroll            |       |     7 |     3 ||    10
 Stab: Paralysed         |       |     2 |     6 ||     8
Armor: Scale mail        |    19 |    80 |    66 ||   165
Dodge: Dodged            |    31 |    90 |    63 ||   184
Block: Buckler           |    17 |    40 |       ||    57

Levels and vault maps discovered:
D:1:      ncdulo_wetmaze, layout_rooms, grunt_decor_arrowhead
D:2:      layout_basic, shapermc_ecumenical_altar_mp_ritualfount
D:3:      layout_rooms, uniq_robin, uniq_crazy_yiuf_cottage
D:4:      layout_cave_pools, kennysheep_little_box, minmay_temple_entry_grid,
          serial_shops, nicolae_shop_hallway_plus, chequers_mini_garden,
          uniq_pikel
D:5:      layout_basic, nicolae_gozag_cash_rules_everything_around_me,
          st_stairs_4
D:6:      layout_cave_pods, fedhas_altar_2, mainiacjoe_overflow_small_starburst
Temple:   grunt_temple_mini_profane

Notes
Turn   | Place    | Note
-------+----------+-------------------------------------------
     0 | D:1      | demibob the Hill Orc Fighter began the quest for the Orb.
     0 | D:1      | Reached XP level 1. HP: 19/19 MP: 1/1
    57 | D:1      | Reached skill level 3 in Axes
   108 | D:1      | Reached XP level 2. HP: 25/26 MP: 2/2
   396 | D:1      | Reached XP level 3. HP: 31/31 MP: 3/3
   399 | D:1      | Reached skill level 4 in Shields
   712 | D:2      | Reached skill level 4 in Axes
   740 | D:1      | Reached skill level 5 in Axes
   740 | D:1      | Reached XP level 4. HP: 21/39 MP: 4/4
   767 | D:2      | Found a faded altar of an unknown god.
  1002 | D:2      | Reached skill level 6 in Axes
  1066 | D:2      | Reached XP level 5. HP: 45/45 MP: 5/5
  1587 | D:3      | Noticed Robin
  1613 | D:3      | Killed Robin
  1677 | D:3      | Reached skill level 7 in Axes
  1871 | D:3      | Found a runed translucent door.
  1872 | D:3      | Noticed Crazy Yiuf
  2156 | D:4      | Reached XP level 6. HP: 47/51 MP: 6/6
  2167 | D:4      | Found a staircase to the Ecumenical Temple.
  2190 | Temple   | Entered the Ecumenical Temple
  2349 | Temple   | Became a worshipper of Makhleb the Destroyer
  2445 | D:4      | Noticed a necrophage
  2454 | D:4      | Killed a necrophage
  2455 | D:4      | Reached skill level 8 in Axes
  2503 | D:4      | Found Umyic's Magic Scroll Shop.
  2670 | D:4      | Found a radiant altar of Vehumet.
  2724 | D:4      | Noticed Pikel
  2742 | D:4      | Killed Pikel
  2743 | D:4      | Reached skill level 10 in Axes
  2743 | D:4      | Reached XP level 7. HP: 34/57 MP: 7/7
  2789 | D:5      | Entered Level 5 of the Dungeon
  2853 | D:5      | Reached skill level 11 in Axes
  2974 | D:5      | Reached XP level 8. HP: 63/64 MP: 8/8
  3134 | D:5      | Found an opulent altar of Gozag.
  3324 | D:5      | Reached skill level 12 in Axes
  3588 | D:6      | Reached * piety under Makhleb
  3605 | D:6      | Found a blossoming altar of Fedhas.
  3651 | D:5      | Reached skill level 13 in Axes
  3733 | D:6      | Noticed a hornet
  3742 | D:6      | Killed a hornet
  3835 | D:6      | Reached skill level 14 in Axes
  3835 | D:6      | Identified the +5 ring mail "Decheg" {rCorr}
  3868 | D:6      | Reached XP level 9. HP: 39/70 MP: 9/9
  3961 | D:6      | Slain by a wight

Vanquished Creatures
  Pikel (D:4)
  A hornet (D:6)
  A water moccasin (D:5)
  An orc warrior (D:5)
  2 necrophages
  A lemure (D:4)
  2 wights (D:6)
  A howler monkey (D:4)
  A hound (D:6)
  A gnoll shaman (D:6)
  A jelly (D:5)
  5 orc priests
  A centaur skeleton (D:5)
  6 orc wizards
  Robin (D:3)
  5 gnolls (D:6)
  5 adders
  An ufetubus (D:5)
  3 worms
  3 dart slugs
  10 orcs
  8 endoplasms
  2 giant cockroaches (D:1)
  13 hobgoblins
  6 jackals (D:2)
  6 quokkas
  5 ball pythons
  7 bats
  4 frilled lizards
  14 goblins
  7 kobolds
  6 rats
131 creatures vanquished.

Vanquished Creatures (others)
  2 plants (D:2)
2 creatures vanquished.

Grand Total: 133 creatures vanquished

Table legend: (Time is in decaauts)
 A = Elapsed time spent in this place.
 B = Non-inter-level travel time spent in this place.
 C = Inter-level travel time spent in this place.
 D = Time resting spent in this place.
 E = Time spent auto-exploring this place.
 F = Levels seen in this place.
 G = Mean time per level.
                   A        B        C        D        E       F      G
               +--------+--------+--------+--------+--------+-----+--------+
         Total |   4027 |   3921 |    106 |    235 |   2748 |   7 |  575.3 |
       Dungeon |   3843 |   3761 |     82 |    235 |   2595 |   6 |  640.5 |
        Temple |    183 |    159 |     24 |      0 |    153 |   1 |  183.0 |
               +--------+--------+--------+--------+--------+-----+--------+

Top non-repeatable levels by time:
     D:2: 859 daAuts
     D:5: 786 daAuts
     D:1: 750 daAuts
     D:3: 591 daAuts
     D:4: 464 daAuts
     D:6: 392 daAuts
  Temple: 183 daAuts

Table legend:
 A = Non-vault XP
 B = Vault XP
 C = Vault XP percentage of total XP
 D = Non-vault monster count
 E = Vault monster count
 F = Vault count percentage of total count
                 A         B        C        D         E       F
            +---------+---------+-------+---------+---------+-------
      Total |    1852 |     673 |  26.7 |     115 |      15 |  11.5
            +---------+---------+-------+---------+---------+-------
        D:1 |      78 |       0 |   0.0 |      27 |       0 |   0.0
        D:2 |     113 |       0 |   0.0 |      28 |       0 |   0.0
        D:3 |      65 |      37 |  36.3 |      18 |      12 |  40.0
        D:4 |     188 |     593 |  75.9 |       9 |       1 |  10.0
        D:5 |     672 |      43 |   6.0 |      15 |       2 |  11.8
        D:6 |     736 |       0 |   0.0 |      18 |       0 |   0.0
            +---------+---------+-------+---------+---------+-------
